AoeStats
← GaTill3r0

Black Forest

507900347Analyzed
3v3 RM · 13d ago on Sep 20, 2026· 58m 52s· 6 players
Game mode
Random Map
Map size
Normal (6 player)
Population
200
Speed
Normal
Resources
Standard
Victory
Conquest
Starting age
Dark Age
Ending age
Imperial Age
RankedLock teamsTeams togetherTeam positionsShared explorationLock speedFull tech treeHidden civsTurbo modeCheats
Victory
Defeat
🇲🇽 Aztecs · Mexico
897
+13
🇲🇽 Maya · Mexico
873
+13
🇲🇽 Inca · Mexico
868
+14
🇺🇸 Goths · United States
846
-14
🇨🇴 Cumans · Colombia
821
-13
🇺🇸 Jurchens · United States
807
-13
Nikdachub
0:28 Loom
11:48 Feudal Age
12:21 Double-Bit Axe
12:19 Horse Collar
13:18 Wheelbarrow
18:50 Stone Mining
18:50 Gold Mining
21:07 Castle Age
20:40 Man-at-Arms
21:35 Forging
21:26 Scale Mail Armor
22:06 Heavy Plow
22:18 Bow Saw
24:31 Hand Cart
24:02 Town Watch
24:15 Long Swordsman
24:56 Squires
30:55 Town Patrol
31:45 Stone Shaft Mining
34:43 Iron Casting
34:24 Chain Mail Armor
33:33 Pikeman
38:19 Imperial Age
36:11 Caravan
37:11 Anarchy
40:24 Two-Man Saw
39:58 Crop Rotation
40:31 Blast Furnace
39:09 Elite Huskarl
39:26 Two-Handed Swordsman
39:46 Halberdier
40:33 Champion
41:40 Conscription
42:16 Perfusion
52:34 Coinage
55:11 Banking
nameBURRITO
3:09 Loom
17:34 Feudal Age
18:16 Double-Bit Axe
18:15 Horse Collar
25:57 Man-at-Arms
29:06 Castle Age
30:50 Gold Mining
30:51 Stone Mining
35:22 Gold Shaft Mining
35:24 Stone Shaft Mining
38:32 Siege Engineers
45:05 Fortified Bastions
54:59 Imperial Age
55:24 Ballistics
56:00 Masonry
56:52 Chemistry
Rogebeto
0:33 Loom
11:20 Feudal Age
14:14 Wheelbarrow
15:24 Horse Collar
16:47 Fishing Lines
23:08 Castle Age
21:04 Town Watch
22:03 Gold Mining
22:03 Stone Mining
25:30 Hand Cart
26:55 Double-Bit Axe
27:55 Gold Shaft Mining
27:28 Heavy Plow
29:37 Town Patrol
29:49 Gillnets
30:22 Caravan
30:53 Coinage
31:24 Bow Saw
34:19 Imperial Age
32:56 Steppe Husbandry
35:01 Bloodlines
34:26 Cavalier
35:45 Hoardings
34:41 Sappers
35:12 Cuman Mercenaries
35:33 Conscription
35:26 Cuman Mercenaries
35:12 Heavy Cavalry Archer
36:18 Parthian Tactics
36:02 Thumb Ring
36:21 Ballistics
35:58 Murder Holes
37:27 Two-Man Saw
37:13 Crop Rotation
37:06 Elite Kipchak
38:19 Parthian Tactics
39:15 Scale Barding Armor
39:02 Fletching
39:12 Padded Archer Armor
39:23 Forging
39:29 Paladin
40:24 Light Cavalry
40:41 Elite Skirmisher
44:24 Chain Barding Armor
44:01 Bodkin Arrow
45:29 Chemistry
44:40 Masonry
44:21 Heated Shot
44:41 Hussar
48:41 Leather Archer Armor
51:58 Onager
GaTill3r0
0:31 Loom
13:26 Feudal Age
17:06 Double-Bit Axe
19:47 Gold Mining
23:23 Castle Age
24:41 Man-at-Arms
31:15 Imperial Age
29:03 Stone Mining
29:31 Horse Collar
31:02 Town Watch
31:55 Wheelbarrow
31:45 Heavy Plow
32:50 Ballistics
32:35 Padded Archer Armor
32:32 Fletching
33:41 Town Patrol
34:01 Hand Cart
34:06 Leather Archer Armor
36:01 Ring Archer Armor
35:27 Bodkin Arrow
37:51 Crop Rotation
37:34 Bow Saw
37:51 Bracer
38:55 Chemistry
40:09 Two-Man Saw
42:30 Elite Plumed Archer
44:57 Long Swordsman
46:03 Scale Mail Armor
46:14 Forging
46:51 Hoardings
46:28 Squires
45:48 Two-Handed Swordsman
47:33 Conscription
51:22 Herbal Medicine
52:52 Pikeman
54:02 Halberdier
55:44 Iron Casting
55:25 Chain Mail Armor
58:46 Murder Holes
Riopal88
7:25 Loom
13:01 Feudal Age
14:01 Fishing Lines
14:42 Double-Bit Axe
16:41 Wheelbarrow
18:07 Man-at-Arms
18:33 Arson
18:47 Gold Mining
19:35 Forging
20:58 Town Watch
23:08 Scale Mail Armor
24:01 Horse Collar
24:15 Stone Mining
28:57 Castle Age
26:49 Fletching
27:00 Padded Archer Armor
30:45 Iron Casting
29:38 Crossbowman
29:38 Elite Skirmisher
30:25 Squires
29:47 Eagle Warrior
30:47 Gillnets
31:17 Fervor
31:30 Sanctity
32:58 Hand Cart
33:19 Caravan
33:22 Bodkin Arrow
33:40 Gambesons
35:34 Atlatl
36:12 Heavy Plow
36:30 Bow Saw
36:32 Long Swordsman
37:45 Redemption
44:37 Imperial Age
42:33 Leather Archer Armor
43:03 Herbal Medicine
43:25 Chain Mail Armor
43:14 Heavy Plow
46:03 Conscription
45:25 Two-Handed Swordsman
47:00 Stone Shaft Mining
48:13 Blast Furnace
47:44 Plate Mail Armor
47:16 Bracer
47:35 Block Printing
51:04 Illumination
51:18 Theocracy
51:12 Garland Wars
54:01 Ballistics
54:43 Chemistry
55:26 Clinker Construction
54:59 Treadmill Crane
56:03 Gold Shaft Mining
56:41 Champion
XxxNoobKillerxxX
0:27 Loom
13:32 Feudal Age
14:47 Wheelbarrow
13:58 Town Watch
13:56 Horse Collar
14:07 Double-Bit Axe
14:51 Gold Mining
15:03 Stone Mining
20:10 Castle Age
21:06 Hand Cart
21:17 Heavy Plow
21:39 Bow Saw
28:02 Gold Shaft Mining
28:49 Stone Shaft Mining
29:03 Caravan
29:18 Town Patrol
33:58 Imperial Age
31:29 Arson
31:44 Squires
31:05 Pikeman
31:23 Elite Skirmisher
32:09 Thumb Ring
31:25 Crossbowman
31:33 Champi Runner
32:36 Forging
32:16 Fletching
32:27 Scale Mail Armor
32:35 Padded Archer Armor
32:31 Champi Warrior
33:55 Iron Casting
34:53 Chain Mail Armor
34:34 Bodkin Arrow
34:43 Andean Sling
35:04 Conscription
35:49 Hoardings
34:50 Capped Ram
37:08 Chemistry
36:04 Murder Holes
35:50 Treadmill Crane
37:05 Crop Rotation
37:48 Blast Furnace
37:04 Leather Archer Armor
36:53 Halberdier
37:34 Siege Ram
38:28 Bracer
38:36 Elite Champi Warrior
39:29 Elite Kamayuk
40:59 Plate Mail Armor
41:01 Heavy Scorpion
43:02 Ring Archer Armor
42:50 Fortified Wall
42:52 Masonry
52:07 Sappers
Connection lost

Rejoining the realm…

Still unreachable

The connection could not be restored.

Session expired

The server has moved on; the page needs a fresh start.